 Dungeon Crawl Stone Soup version 0.31-a0-846-gb3bcc0d938 (webtiles) character file.

Game seed: 6678522918932079032

331 Schnaeble the Poker (level 6, -2/55 HPs)
             Began as a Naga Gladiator on Oct 4, 2023.
             Slain by a hound (5 damage)
             ... on level 4 of the Dungeon.
             The game lasted 00:05:34 (2949 turns).

Schnaeble the Poker (Naga Gladiator)                Turns: 2949, Time: 00:05:34

Health: -2/55      AC:  5    Str: 16    XL:     6   Next: 52%
Magic:  6/6        EV:  9    Int:  8    God:
Gold:   148        SH:  0    Dex: 15    Spells: 5/5 levels left

rFire   . . .        i - +4 demon trident (freeze)
rCold   . . .        (no shield)
rNeg    . . .        o - +0 ring mail
rPois   +            c - +0 helmet
rElec   .            (no cloak)
rCorr   .            (no gloves)
SInv    +            (no barding)
Will    .....        (no amulet)
Stlth   +            (no ring)
HPRegen 0.29/turn    (no ring)
MPRegen 0.10/turn

%: no passive effects
@: very slow
A: AC +2, large, see invisible, deformed body, poison resistance, slowness 2,
spit poison 1, naga tail 1
a: Spit Poison


You were on level 4 of the Dungeon.
You visited 1 branch of the dungeon, and saw 4 of its levels.

You collected 148 gold pieces.

Inventory:

Hand Weapons
 a - a +0 trident
 i - a +4 demon trident of freezing (weapon)
Missiles
 e - 3 javelins
Armour
 c - a +0 helmet (worn)
 o - a +0 ring mail (worn)
Wands
 g - a wand of paralysis (3)
Scrolls
 m - a scroll of identify
Potions
 f - a potion of attraction
 h - a potion of curing {unknown}
 j - 2 potions of brilliance
 l - a potion of ambrosia {unknown}


   Skills:
 + Level 2.8 Fighting
 * Level 6.2 Polearms
 - Level 2.0 Throwing
 - Level 1.0 Armour
 - Level 2.7 Dodging
 - Level 0.9 Stealth


You had 5 spell levels left.
You didn't know any spells.
Your spell library contained the following spells:

 Spells                   Type           Power      Damage    Failure   Level
 Summon Guardian Golem    Hex/Summ       0%         N/A       94%         3
 Orb of Destruction       Conj           0%         9d5       100%        7
 Spellforged Servitor     Conj/Summ      0%         N/A       100%        7


Dungeon Overview and Level Annotations

Branches:
Dungeon (4/15)             Temple (0/1) D:4

Altars:
Fedhas
Qazlal

Shops:
D:2 *


Innate Abilities, Weirdness & Mutations

Your serpentine skin is tough. (AC +2)
You have supernaturally acute eyesight. (SInv)
Armour fits poorly on your strangely shaped body.
Your system is resistant to poisons. (rPois)
You cover ground very slowly.
You can spit poison.
You have a snake-like lower body.


Message History

Your surroundings seem slightly different.
The phantom is attracted toward you. The hound is attracted toward you.
The howler monkey is attracted toward you.
The iguana is attracted toward you. The iguana is attracted toward you.
The hobgoblin is attracted toward you. The howler monkey hits you.
* * * LOW HITPOINT WARNING * * *
The phantom hits you but does no damage.
You feel less attractive to monsters.
The howler monkey hoots and howls with incredible vigour!
You hear a shout!
You hear an angry hiss.
You hear an angry growl.
You hear a shout! x2
The howler monkey barely misses you. The howler monkey hits you.
* * * LOW HITPOINT WARNING * * *
The howler monkey attacks as it pursues you!
The howler monkey barely misses you.
The howler monkey hoots and howls with incredible vigour!
You hear an angry growl.
You hear a shout!
The howler monkey attacks as it pursues you!
The howler monkey hits you.
* * * LOW HITPOINT WARNING * * *
The howler monkey hits you.
* * * LOW HITPOINT WARNING * * *
The iguana attacks as it pursues you!
The iguana bites you but does no damage.
The howler monkey hits you!
* * * LOW HITPOINT WARNING * * *
An adder comes into view.
The iguana attacks as it pursues you! The iguana closely misses you.
The howler monkey attacks as it pursues you!
The howler monkey closely misses you. The iguana barely misses you.
The howler monkey closely misses you.
The adder hisses angrily.
The kobold throws a stone.
The stone barely misses you.
The kobold throws a stone.
The stone barely misses you.
There is a stone staircase leading down here.
The howler monkey hoots and howls with incredible vigour!
The hound bites you.
You die...

##......######.##....###.
#......##......#........
#..#...#..............##
#..##..)†..8S.##.......#
...###.........####.......
#..# #.......g....##.......
#..####.....W..............
....#.....hlh.#....##.......
...........@..#....##.......
......#.........K..........
................##..#.....
...........##...##.......
...........†..#.#.......
...........#..###...#
.........###.......#
................##<#
.##.....##....#...##


You could see a phantom, a howler monkey, an iguana, a hound, an adder, a
hobgoblin and a kobold.

Vanquished Creatures
  A black bear (D:3)
  An ogre (D:4)
  An iguana (D:4)
  Robin (D:3)
  A gnoll (D:1)
  3 adders
  A worm (D:3)
  4 dart slugs
  3 bats
  6 endoplasms
  2 giant cockroaches
  5 hobgoblins
  3 jackals (D:3)
  4 kobolds
  2 quokkas (D:1)
  2 ball pythons
  3 frilled lizards
  18 goblins
  4 rats
65 creatures vanquished.

Vanquished Creatures (collateral kills)
  A goblin (D:3)
1 creature vanquished.

Grand Total: 66 creatures vanquished

Notes
Turn   | Place    | Note
-------+----------+-------------------------------------------
     0 | D:1      | Schnaeble the Naga Gladiator began the quest for the Orb.
     0 | D:1      | Reached XP level 1. HP: 19/19 MP: 1/1
   147 | D:1      | Reached XP level 2. HP: 19/26 MP: 2/2
   351 | D:1      | Found a faded altar of an unknown god.
   540 | D:1      | Reached XP level 3. HP: 32/32 MP: 3/3
  1487 | D:2      | Reached XP level 4. HP: 37/39 MP: 4/4
  1561 | D:2      | Reached skill level 1 in Armour
  1646 | D:2      | Found Ugoaggoc's Assorted Antiques.
  2044 | D:3      | Found a blossoming altar of Fedhas.
  2046 | D:3      | Found a stormy altar of Qazlal.
  2050 | D:3      | Reached skill level 4 in Polearms
  2154 | D:3      | Identified a scroll of acquirement
  2154 | D:3      | Acquired a +3 demon trident of freezing
  2218 | D:3      | Identified the +1 helmet of the Battered Eyes {Rampage
                  | Str+3 Int+5 Dex-4}
  2218 | D:3      | Noticed Robin
  2306 | D:3      | Killed Robin
  2507 | D:4      | Noticed a black bear
  2523 | D:3      | Killed a black bear
  2524 | D:3      | Reached skill level 5 in Polearms
  2524 | D:3      | Reached XP level 5. HP: 36/46 MP: 5/5
  2885 | D:4      | Found the +5 woodcutter's axe
  2899 | D:4      | Reached XP level 6. HP: 55/55 MP: 6/6
  2910 | D:4      | Found a staircase to the Ecumenical Temple.
  2921 | D:4      | Reached skill level 6 in Polearms
  2946 | D:4      | HP: 2/55 [howler monkey (7)]
  2949 | D:4      | Slain by a hound

Illustrated notes

Levels and vault maps discovered:
D:1:      erik_arrival_triangle_large, layout_basic,
          hellmonk_ecumenical_altar_zigzags
D:2:      layout_basic, serial_shops, nicolae_shop_statue_plus,
          minmay_misc_feat_columns
D:3:      kennysheep_goblin_castle, layout_rooms,
          grunt_temple_overflow_forces_of_nature, roderic_serpentine_path
D:4:      layout_cave_pools, trog_ov_bears_minmay, minmay_temple_entry_mist,
          serial_column_ruins, column_ruins_open_medium,
          column_ruins_open_small, column_ruins_open_small, column_ruins_grid_1,
          column_ruins_grid_1, column_ruins_open_small

Skill      XL: |  1  2  3  4  5  6 |
---------------+-------------------+-----
Throwing       | 2 |  2.0
Armour         | 1 |  1.0
Polearms       | 5 6 |  6.2
Fighting       | |  2.8
Dodging        | |  2.7
Stealth        | |  0.9

Action                     |  1- 3 |  4- 6 || total
---------------------------+-------+-------++-------
  Melee: Trident           |    93 |    18 ||   111
         Punch             |     1 |       ||     1
         Demon trident     |       |    69 ||    69
  Throw: Throwing net      |     3 |     3 ||     6
    Use: Scroll            |       |     6 ||     6
         Potion            |       |     3 ||     3
   Stab: Held in net/web   |     2 |     1 ||     3
         Sleeping          |       |     2 ||     2
 Armour: Leather armour    |    54 |    48 ||   102
         Ring mail         |       |    30 ||    30
  Dodge: Dodged            |    35 |    50 ||    85

Table legend: (Time is in decaauts)
 A = Elapsed time spent in this place.
 B = Non-inter-level travel time spent in this place.
 C = Inter-level travel time spent in this place.
 D = Time resting spent in this place.
 E = Time spent auto-exploring this place.
 F = Levels seen in this place.
 G = Mean time per level.
                   A        B        C        D        E       F      G
               +--------+--------+--------+--------+--------+-----+--------+
         Total |   3886 |   3664 |    222 |      0 |   3099 |   4 |  971.5 |
       Dungeon |   3886 |   3664 |    222 |      0 |   3099 |   4 |  971.5 |
               +--------+--------+--------+--------+--------+-----+--------+

Top non-repeatable levels by time:
     D:1: 1503 daAuts
     D:3: 1195 daAuts
     D:2: 1061 daAuts
     D:4: 127 daAuts
